Map: 돌개바람 - 래더

Players

INnoVation

  • Race: Terran Terran
  • League: Master
  • Spawn Location: 7:00

herO - Winner!

  • Race: Protoss Protoss
  • Spawn Location: 1:00

VOD

Have the link to the VOD?

Description

Time

  • Played on: Nov. 26, 2016, 5:20 a.m.
  • Length: 12:05
Show
View Real Time Build Order
Export as new Build Order

INnoVation Terran 

Build Orders: Reaper Expand, MMM Bio 

Get SALT Encoding   

  12  0:00  SCV  
  13  0:12  SCV  
  14  0:17  Supply Depot  
  14  0:24  SCV  
  15  0:28  Refinery  
  15  0:38  SCV  
  16  0:44  Barracks  
  16  0:50  SCV  
  17  1:02  SCV  
  18  1:14  SCV  
  19  1:30  Orbital Command  
  19  1:31  Reaper  
  20  1:40  Command Center  
  20  1:50  Factory  
  20  1:56  SCV  
  20  2:01  Refinery  
  21  2:06  Barracks Reactor  
  22  2:08  SCV  
  22  2:13  Supply Depot  
  22  2:20  SCV  
  23  2:35  Starport, SCV  
  24  2:39  Widow Mine  
  24  2:41  Marine x2  
  28  2:47  SCV  
  29  2:51  Orbital Command  
  29  2:59  Marine x2, SCV  
  32  3:08  Widow Mine  
  32  3:11  Medivac, SCV  
  37  3:17  SCV  
  37  3:18  Marine x2  
  40  3:23  SCV  
  40  3:27  Barracks  
  41  3:33  Supply Depot  
  41  3:36  SCV x2  
  41  3:40  Factory Tech Lab  
  43  3:44  Marine x2  
  43  3:48  SCV x2  
  46  3:56  Supply Depot  
  46  4:00  Siege Tank  
  46  4:02  Marine x2, SCV x2  
  52  4:09  Engineering Bay  
  53  4:14  SCV  
  54  4:17  Barracks Tech Lab  
  54  4:18  SCV  
  54  4:20  Supply Depot, Marine x2  
  57  4:29  SCV  
  57  4:30  Starport Reactor, SCV  
  59  4:32  Barracks  
  59  4:36  Siege Tank  
  62  4:38  Stimpack  
  62  4:41  SCV  
  62  4:42  SCV  
  62  4:46  Supply Depot  
  62  4:47  Refinery  
  62  4:48  Marine x2  
  62  4:50  Marine  
  65  4:53  Terran Infantry Weapons Level 1  
  65  4:55  Refinery  
  65  4:59  Missile Turret  
  65  5:06  Missile Turret, Marine x2  
  67  5:08  Marine  
  67  5:09  SCV x2  
  70  5:21  SCV x2  
  70  5:23  Factory Reactor  
  70  5:24  Marine x2  
  70  5:26  Marauder  
  74  5:33  SCV  
  74  5:34  SCV  
  75  5:35  Viking  
  77  5:43  Marauder  
  77  5:45  SCV  
  77  5:46  Combat Shields, SCV  
  77  5:47  Marauder, Marine x2  
  78  5:56  Missile Turret  
  75  5:58  Supply Depot, SCV x2  
  76  6:10  SCV x2  
  78  6:17  Supply Depot  
  78  6:20  Medivac x2, Widow Mine x2, Supply Depot  
  86  6:36  SCV  
  86  6:38  Liberator, Marine x2  
  86  6:39  Liberator, Concussive Shells, Marauder x2, SCV  
  93  6:42  Supply Depot  
  93  6:52  Widow Mine x2  
  95  6:56  Marine x2  
  95  7:00  Marauder x2  
  98  7:03  Bunker  
  97  7:15  Supply Depot  
  95  7:19  Terran Infantry Armor Level 1  
  95  7:20  Supply Depot  
  92  7:24  Liberator x2  
  92  7:28  Marine x2  
  78  7:36  Widow Mine x2  
  78  7:37  Marauder x2  
  91  7:47  SCV  
  92  7:53  SCV  
  93  7:59  SCV  
  93  8:03  Supply Depot  
  93  8:05  Marauder x2  
  98  8:08  SCV  
  98  8:11  SCV  
  98  8:13  Widow Mine, Marine x2  
  102  8:24  Widow Mine, SCV x2  
  102  8:26  Marauder x2  
  110  8:32  Supply Depot  
  110  8:38  Supply Depot  
  110  8:52  Command Center  
  110  8:54  Medivac x2, Marauder, SCV x2  
  118  9:00  Marauder, Marine x2  
  116  9:09  Widow Mine  
  101  9:10  Widow Mine  
  101  9:11  Liberator x2, SCV x2  
  101  9:12  Supply Depot  
  101  9:15  Marauder  
  107  9:17  Marine x2  
  107  9:21  Marauder  
  107  9:23  SCV x2  
  111  9:27  Barracks  
  111  9:30  Barracks  
  117  9:38  Widow Mine x2  
  116  9:46  SCV x2  
  116  9:49  Marauder x2, Marine  
  122  9:55  Liberator  
  122  9:59  Marine  
  112  10:06  Widow Mine  
  112  10:07  Widow Mine, Marine  
  102  10:11  Marauder x2  
  102  10:30  Orbital Command  
  91  10:40  Marauder x2, Marine  
  73  10:56  Medivac  
  75  11:01  Medivac  
  77  11:15  Marauder x2  
  81  11:19  Marine x2  
  83  11:25  Marine x2  
  82  11:36  Marauder, Marine  
  82  11:37  Marine x2  
  64  11:45  Marine x2  
  60  11:49  SCV x2  
Show
View Real Time Build Order
Export as new Build Order

herO Protoss - Winner!

Build Orders: 1 Gate Expand 

Get SALT Encoding   

  12  0:00  Probe (Chrono Boost)  
  13  0:11  Probe (Chrono Boost)  
  14  0:17  Pylon  
  14  0:21  Probe (Chrono Boost)  
  16  0:35  Probe (Chrono Boost), Gateway  
  16  0:40  Assimilator  
  16  0:46  Probe (Chrono Boost)  
  17  0:57  Probe (Chrono Boost)  
  18  1:07  Probe (Chrono Boost)  
  19  1:18  Nexus  
  19  1:28  Cybernetics Core  
  19  1:31  Probe (Chrono Boost)  
  20  1:35  Assimilator  
  20  1:41  Probe (Chrono Boost)  
  20  1:45  Pylon  
  21  1:52  Probe (Chrono Boost)  
  22  2:00  Adept  
  22  2:04  Probe (Chrono Boost), Warp Gate  
  26  2:16  Probe (Chrono Boost)  
  26  2:18  Robotics Facility  
  26  2:25  Adept  
  26  2:28  Probe (Chrono Boost)  
  29  2:30  Probe (Chrono Boost)  
  30  2:40  Probe (Chrono Boost)  
  30  2:41  Probe (Chrono Boost)  
  32  2:51  Probe x2 (Chrono Boost)  
  36  3:02  Probe x2 (Chrono Boost)  
  37  3:08  Robotics Bay  
  37  3:12  Warp Prism  
  37  3:15  Probe (Chrono Boost)  
  37  3:16  Mothership Core (Chrono Boost)  
  40  3:20  Assimilator  
  40  3:24  Pylon  
  40  3:26  Probe (Chrono Boost)  
  41  3:35  Probe (Chrono Boost)  
  41  3:36  Probe (Chrono Boost)  
  43  3:46  Probe (Chrono Boost)  
  43  3:47  Probe (Chrono Boost)  
  43  3:48  Gravitic Drive  
  43  3:50  Disruptor  
  43  3:54  Gateway  
  46  3:56  Gateway  
  46  4:00  Probe x2 (Chrono Boost)  
  48  4:03  Pylon  
  48  4:12  Probe x2 (Chrono Boost)  
  48  4:14  Twilight Council  
  50  4:24  Probe x2 (Chrono Boost)  
  49  4:27  Stalker  
  50  4:31  Observer  
  50  4:36  Probe x2 (Chrono Boost)  
  53  4:39  Blink  
  53  4:48  Probe x2 (Chrono Boost)  
  55  4:55  Immortal  
  53  5:05  Pylon  
  57  5:08  Pylon  
  57  5:10  Adept x2  
  61  5:16  Pylon  
  61  5:21  Gateway  
  61  5:22  Gateway  
  61  5:25  Adept  
  63  5:30  Immortal  
  66  5:35  Stalker  
  66  5:36  Adept  
  66  5:41  Gateway  
  64  5:59  Gateway  
  64  6:05  Stalker x3  
  70  6:17  Stalker x2  
  74  6:18  Pylon  
  74  6:20  Pylon  
  74  6:24  Forge  
  74  6:32  Stalker x3  
  80  6:53  Stalker x3  
  76  6:55  Adept x3  
  76  6:56  Adept  
  84  7:17  Adept  
  84  7:18  Adept x6, Protoss Ground Weapons Level 1  
  88  7:35  Probe x2 (Chrono Boost)  
  88  7:45  Assimilator  
  88  7:47  Nexus, Probe x2 (Chrono Boost)  
  88  7:48  Pylon  
  90  7:57  Resonating Glaives  
  92  7:59  Probe x2 (Chrono Boost), Sentry x2  
  96  8:11  Probe (Chrono Boost)  
  96  8:12  Probe (Chrono Boost)  
  98  8:16  Immortal  
  102  8:23  Probe (Chrono Boost)  
  102  8:24  Probe (Chrono Boost)  
  102  8:27  Pylon  
  105  8:35  Stalker x2  
  105  8:37  Pylon  
  105  8:39  Stalker  
  110  8:47  Pylon  
  110  8:54  Stalker x4  
  118  8:57  Pylon  
  102  9:22  Stalker x7  
  116  9:27  Pylon  
  114  9:47  Stalker x5  
  114  9:49  Zealot x2  
  94  10:30  Stalker x6  
  98  10:46  Observer  
  97  10:57  Nexus  
  97  10:59  Adept x2, Sentry x3  
  97  11:00  Adept  
  97  11:03  Pylon  
  109  11:06  Observer  
  109  11:10  Probe (Chrono Boost)  
  109  11:11  Probe (Chrono Boost)  
  105  11:23  Probe x2 (Chrono Boost)  
  90  11:38  Stalker x3  
  90  11:39  Stalker x2  
  76  11:46  Adept  
Tags
 
Add a new tag
Caveats
  • Supply blocks, unpowered buildings, or Contaminate may cause inaccurate times.
  • Supply counts are checked every 10 seconds.